 Dungeon Sprint DCSS version 0.18-a0-1789-gbeff17f (webtiles) character file.

29905 Kidiri the Unseen (level 13, -1/49 HPs)
             Began as a Spriggan Enchanter on Apr 21, 2016.
             Was the Champion of Dithmenos.
             Killed by divine providence
             ... invoked by a daeva
              (15 damage)
             ... in the Dungeon (Sprint I: "Red Sonja").
             The game lasted 00:30:18 (3878 turns).

Kidiri the Unseen (Spriggan Enchanter)              Turns: 3878, Time: 00:30:18

Health: -1/49      AC: 10    Str:  4    XL:     13   Next: 17%
Magic:  16/30      EV: 32    Int: 15    God:    Dithmenos [******]
Gold:   1964       SH:  8    Dex: 15    Spells: 9 memorised, 17 levels left

rFire  . . .     SeeInvis +     o - +4 rapier (venom)
rCold  . . .     Gourm    .     b - +1 robe
rNeg   + . .     Faith    .     m - +1 buckler
rPois  .         Spirit   .     (helmet restricted)
rElec  .         Dismiss  .     l - +1 cloak
rCorr  .         Reflect  .     (gloves unavailable)
SustAt .         Harm     .     (boots unavailable)
MR     ++...     NoTele   +     (no amulet)
Stlth  +++++++++.               e - +5 ring of protection
                                f - ring of Shadows {Umbra +Inv rN+ SInv}

@: very slightly contaminated, very quick, very resistant to hostile
enchantments, incredibly stealthy
A: unfitting armour, see invisible, clumsy 2, dopey 2, herbivore 3, speed 3,
frail 1, low mp 1, slow regeneration 1, slow metabolism 2, subdued magic 1
a: Shadow Step, Shadow Form, Renounce Religion, Evoke Invisibility


You were in the Dungeon.
You worshipped Dithmenos.
Dithmenos was exalted by your worship.
You were not hungry.

You visited 1 branch You collected 4334 gold pieces.
You spent 2370 gold pieces at shops.

Inventory:

Hand Weapons
 o - a +4 rapier of venom (weapon)
Armour
 b - a +1 robe (worn)
 l - a +1 cloak (worn)
 m - a +1 buckler (worn)
Jewellery
 e - a +5 ring of protection (right hand)
 f - the ring of Shadows (left hand) {Umbra +Inv rN+ SInv}
   (You found it in the Dungeon)

   [ring of positive energy]

   It protects you from negative energy.
   It lets you see invisible.
   It lets you turn invisible.
Scrolls
 a - a scroll of identify
 c - a scroll of fear
 j - 2 scrolls of blinking
 k - 2 scrolls of remove curse
 q - a scroll of fog
Potions
 g - a potion of haste
 i - a potion of brilliance
Books
 r - Sif Muna's Incunabulum of Augmentations and Dislocation
   (You found it in the Dungeon)

   Spells                             Type                      Level
   a - Shroud of Golubria             Charms/Translocation         2
   b - Song of Slaying                Charms                       2
   c - Excruciating Wounds            Charms/Necromancy            5
Miscellaneous
 p - a legendary deck of wonders


   Skills:
 * Level 14.6 Short Blades
 + Level 6.6 Armour
 * Level 18.6 Dodging
 * Level 20.0 Stealth
 + Level 6.5 Shields
 * Level 15.9 Spellcasting
 + Level 7.2 Conjurations
 + Level 12.3 Hexes
 + Level 4.8 Transmutations
 + Level 8.1 Ice Magic
 * Level 4.8 Earth Magic
 - Level 8.8 Invocations
 + Level 0.0 Evocations


You had 17 spell levels left.
You knew the following spells:

 Your Spells              Type           Power        Failure   Level  Hunger
a - Corona                Hex            #####..      1%          1    None
b - Ensorcelled Hibernat  Hex/Ice        ####..       1%          2    None
c - Confuse               Hex            #####...     1%          3    None
d - Tukima's Dance        Hex            #####...     1%          3    None
e - Dazzling Spray        Conj/Hex       ####....     1%          3    None
f - Stone Arrow           Conj/Erth      ###...       1%          3    None
g - Passwall              Trmt/Erth      ###.......   1%          2    None
h - Petrify               Trmt/Erth      ###.....     8%          4    #......
i - Lee's Rapid Deconstr  Erth           ###.......   21%         5    ####...


Dungeon Overview and Level Annotations

Branches:
Dungeon (1/1)

Altars:
Cheibriados
Dithmenos
Elyvilon
Fedhas
Gozag
Kikubaaqudgha
Makhleb
Nemelex Xobeh
Okawaru
Pakellas
Qazlal
Ru
Sif Muna
Trog
Vehumet
Xom
Yredelemnul
Zin
The Shining One
Jiyva

Shops:
D ([:[*==*%}}*((:[???[[(

Annotations:
D Lom Lobon, Norris, Tiamat


Innate Abilities, Weirdness & Mutations

You are tiny and cannot use many weapons and most armour.
You have supernaturally acute eyesight.
You are a herbivore.
You cover ground extremely quickly.
You need consume almost no food.
You are very clumsy. (Dex -4)
You are very dopey. (Int -4)
You are frail (-10% HP).
Your magical capacity is low (-10% MP).
You regenerate slowly when monsters are visible.
Your spells are a little easier to cast, but a little less powerful.


Message History

The daeva is severely wounded.
Unknown command.
Casting: Lee's Rapid Deconstruction
Confirm with . or Enter, or press ? or * to list all spells.
All monsters which could be auto-targeted are covered by a wall or statue which interrupts your line of fire, even though it doesn't interrupt your line of sight.
Aiming: Lee's Rapid Deconstruction
Press: ? - help, Dir - move target cursor, f - daeva Fragment what (e.g. wall or brittle monster)?: a daeva, wielding a scimitar of holy wrath and wearing a large shield (severely wounded, fire blocked by an iron grate)
The door shatters!
The blast of rock fragments hits the daeva.
The daeva is severely wounded.
Unknown command.
Casting: Lee's Rapid Deconstruction
Confirm with . or Enter, or press ? or * to list all spells.
Aiming: Lee's Rapid Deconstruction
Press: ? - help, Dir - move target cursor, p - daeva You miscast Lee's Rapid Deconstruction.
You feel earthy.
The daeva calls down the wrath of the Shining One upon you.
The Shining One smites you!
You die...

###############################**
'..)#:[#.§§.'..§.§.+.§#^^+§§§§#,,
#...##+#§####§.§.§##§§+.^#§§.§##,
#)..'..#§#.###§§.#######'#§§§§§##
#####).§§#+#§###§#:)$##..#§§§§§#.
#§.##+####§§.#@#§##$$$#..##§§§§#.
+.§#..§§^#§§§###§§#..$#..≈###+##.
#§.#..§..+§§§..##§#..$#..≈.)#[###
##+###.§^#§§§..#@§#..$#.)≈)##+#§§
##.+.#§^^###++##§##..$#..≈##§§§§§
.###.#§§###..###.A#.###..≈#.§§.§§
(∩##.#..####.§###...#.≈..##.§.§§.
####§##+#..#§.#.###.#.≈..#.....§|
§§##§##)#..§.§....#.###..#.....|[
§§.+§####.........#.#,+..##^^...§
####§#..+......####+#,##+##......
..§#§#####...###....#,#≈≈≈##....§


You could see a daeva.

Vanquished Creatures
  A golden dragon (D)
  A shadow dragon (D)
  4 fire giants (D)
  A lorocyproca (D)
  A deep elf annihilator (D)
  A mummy priest (D)
  A hydra (D)
  2 centaur warriors (D)
  Sonja (D)
  7 unseen horrors (D)
  A deep troll (D)
  A lindwurm (D)
  8 shining eyes (D)
  2 sirens (D)
  2 oklob plants (D)
  A gargoyle (D)
  2 kobold demonologists (D)
  A hellwing (D)
  4 demonic crawlers (D)
  A slime creature (D)
  2 redbacks (D)
  Sigmund (D)
  A yak (D)
  13 hogs (D)
  7 giant eyeballs (D)
  7 necrophages (D)
  5 wasps (D)
  An ogre (D)
  8 jellies (D)
  Ijyb (D)
  A giant spore (D)
90 creatures vanquished.

Vanquished Creatures (others)
  A gargoyle (D)
  A giant spore (D)
2 creatures vanquished.

Grand Total: 92 creatures vanquished

Notes
Turn   | Place    | Note
--------------------------------------------------------------
     0 | D        | Kidiri the Spriggan Enchanter began the quest for the Orb.
     0 | D        | Reached XP level 1. HP: 9/9 MP: 5/5
     2 | D        | Noticed Ijyb
    33 | D        | Killed Ijyb
    33 | D        | Reached skill level 6 in Stealth
    33 | D        | Reached XP level 2. HP: 5/13 MP: 4/8
   235 | D        | Learned a level 2 spell: Ensorcelled Hibernation
   242 | D        | Noticed an ogre
   244 | D        | Killed an ogre
   244 | D        | Reached skill level 8 in Stealth
   244 | D        | Reached skill level 5 in Spellcasting
   244 | D        | Reached skill level 5 in Hexes
   244 | D        | Reached skill level 1 in Ice Magic
   244 | D        | Reached XP level 3. HP: 16/16 MP: 9/11
   244 | D        | Reached XP level 4. HP: 21/21 MP: 9/12
   249 | D        | Learned a level 3 spell: Confuse
   253 | D        | Learned a level 3 spell: Tukima's Dance
   257 | D        | Learned a level 3 spell: Dazzling Spray
   272 | D        | Noticed Sigmund
   274 | D        | Killed Sigmund
   274 | D        | Reached skill level 9 in Stealth
   274 | D        | Reached skill level 1 in Conjurations
   274 | D        | Reached XP level 5. HP: 24/24 MP: 12/15
   274 | D        | Reached XP level 6. HP: 28/28 MP: 13/17
   304 | D        | Found a snail-covered altar of Cheibriados.
   304 | D        | Found a viscous altar of Jiyva.
   304 | D        | Found a shadowy altar of Dithmenos.
   304 | D        | Found a blossoming altar of Fedhas.
   304 | D        | Noticed a slime creature
   307 | D        | Killed a slime creature
   307 | D        | Reached skill level 10 in Stealth
   309 | D        | Became a worshipper of Dithmenos the Shadowed
   327 | D        | Found a deep blue altar of Sif Muna.
   329 | D        | Found a radiant altar of Vehumet.
   364 | D        | Found Ibraheg's Antique Armour Emporium.
   364 | D        | Found a white marble altar of Elyvilon.
   364 | D        | Found a stormy altar of Qazlal.
   364 | D        | Found a burning altar of Makhleb.
   364 | D        | Found a sacrificial altar of Ru.
   364 | D        | Found an oddly glowing altar of Pakellas.
   364 | D        | Found a basalt altar of Yredelemnul.
   364 | D        | Found a glowing golden altar of the Shining One.
   364 | D        | Found a sparkling altar of Nemelex Xobeh.
   364 | D        | Found a shimmering altar of Xom.
   364 | D        | Found an opulent altar of Gozag.
   364 | D        | Found an ancient bone altar of Kikubaaqudgha.
   364 | D        | Found a glowing silver altar of Zin.
   364 | D        | Noticed a yak
   365 | D        | Found an iron altar of Okawaru.
   366 | D        | Killed a yak
   366 | D        | Reached skill level 10 in Dodging
   366 | D        | Reached skill level 11 in Stealth
   366 | D        | Reached skill level 1 in Invocations
   366 | D        | Reached XP level 7. HP: 32/32 MP: 20/20
   367 | D        | Found a bloodstained altar of Trog.
   372 | D        | Bought a cloak for 112 gold pieces
   372 | D        | Bought a buckler for 112 gold pieces
   389 | D        | Noticed Sonja
   393 | D        | Killed Sonja
   393 | D        | Reached * piety under Dithmenos
   393 | D        | Reached skill level 1 in Armour
   393 | D        | Reached skill level 12 in Stealth
   393 | D        | Reached skill level 1 in Shields
   393 | D        | Reached XP level 8. HP: 36/36 MP: 20/22
   410 | D        | Found Tull's Antique Weapon Boutique.
   418 | D        | Bought a glowing rapier for 128 gold pieces
   433 | D        | Noticed a deep troll
   441 | D        | Killed a deep troll
   441 | D        | Reached skill level 13 in Stealth
   441 | D        | Reached skill level 10 in Spellcasting
   451 | D        | Found Doetarid's Armour Emporium.
   474 | D        | Noticed a centaur warrior
   474 | D        | Noticed a centaur warrior
   477 | D        | Killed a centaur warrior
   477 | D        | Reached XP level 9. HP: 39/39 MP: 24/24
   479 | D        | Killed a centaur warrior
   479 | D        | Reached ** piety under Dithmenos
   479 | D        | Reached skill level 10 in Short Blades
   479 | D        | Reached skill level 14 in Stealth
   592 | D        | Reached skill level 5 in Ice Magic
   606 | D        | Noticed an oklob plant
   608 | D        | Killed an oklob plant
   649 | D        | Reached *** piety under Dithmenos
   654 | D        | Noticed an unseen horror
   655 | D        | Noticed an unseen horror
   659 | D        | Killed an unseen horror
   659 | D        | Reached skill level 5 in Invocations
   659 | D        | Reached XP level 10. HP: 44/44 MP: 21/26
   665 | D        | Killed a gargoyle
   667 | D        | Killed an unseen horror
   667 | D        | Reached skill level 15 in Stealth
   704 | D        | Reached **** piety under Dithmenos
   722 | D        | Reached ***** piety under Dithmenos
   749 | D        | Found Ruwopec's General Store.
   749 | D        | Found Bauhunopp's Jewellery Shop.
   749 | D        | Found Mirras's Food Boutique.
   751 | D        | Found Mefenl Moerch's Gadget Emporium.
   751 | D        | Found Otwydd's Gadget Shop.
   751 | D        | Found Weffaijytt's Assorted Antiques.
   751 | D        | Found Maig's Weapon Boutique.
   751 | D        | Found Lyssuos's Antique Weapon Emporium.
   751 | D        | Found Noryor's Book Shop.
   751 | D        | Found Wioc Hyn's Antique Armour Shoppe.
   755 | D        | Found Faphiaqo's Magic Scroll Boutique.
   756 | D        | Found Foixor's Magic Scroll Emporium.
   756 | D        | Found Exiupnel's Magic Scroll Boutique.
   757 | D        | Found Gonaorhe's Armour Emporium.
   776 | D        | Bought a scroll of identify for 22 gold pieces
   787 | D        | Bought a scroll of identify for 24 gold pieces
   787 | D        | Bought a scroll of identify for 24 gold pieces
   822 | D        | Bought a scroll of identify for 24 gold pieces
   825 | D        | Bought a scroll of enchant armour for 105 gold pieces
   825 | D        | Bought a scroll of enchant weapon for 105 gold pieces
   828 | D        | Bought a scroll of enchant weapon for 97 gold pieces
   828 | D        | Bought a scroll of enchant armour for 97 gold pieces
   992 | D        | Reached skill level 5 in Conjurations
  1031 | D        | Reached skill level 16 in Stealth
  1038 | D        | Reached ****** piety under Dithmenos
  1114 | D        | Noticed a lindwurm
  1117 | D        | Killed a lindwurm
  1117 | D        | Reached XP level 11. HP: 47/47 MP: 28/28
  1138 | D        | Reached skill level 15 in Dodging
  1138 | D        | Reached skill level 10 in Hexes
  1210 | D        | Noticed a 12-headed hydra
  1212 | D        | Killed a 12-headed hydra
  1272 | D        | Reached skill level 17 in Stealth
  1437 | D        | Noticed Norris
  1437 | D        | Noticed a lorocyproca
  1454 | D        | Killed a lorocyproca
  1454 | D        | Reached skill level 5 in Armour
  2059 | D        | Noticed a daeva
  2062 | D        | Noticed an unseen horror
  2062 | D        | Noticed an unseen horror
  2062 | D        | Noticed an unseen horror
  2063 | D        | Noticed an unseen horror
  2065 | D        | Killed an unseen horror
  2066 | D        | Noticed an unseen horror
  2067 | D        | Killed an unseen horror
  2067 | D        | Reached skill level 5 in Shields
  2068 | D        | Killed an unseen horror
  2072 | D        | Killed an unseen horror
  2074 | D        | Killed an unseen horror
  2135 | D        | Noticed a fire giant
  2136 | D        | Noticed a fire giant
  2136 | D        | Noticed a fire giant
  2136 | D        | Noticed a fire giant
  2137 | D        | Killed a fire giant
  2137 | D        | Reached skill level 18 in Stealth
  2137 | D        | Reached XP level 12. HP: 51/51 MP: 26/31
  2139 | D        | Killed a fire giant
  2141 | D        | Killed a fire giant
  2143 | D        | Killed a fire giant
  2175 | D        | Noticed Tiamat
  2353 | D        | Bought a book of Geomancy for 385 gold pieces
  2357 | D        | Learned a level 3 spell: Stone Arrow
  2360 | D        | Learned a level 2 spell: Passwall
  2365 | D        | Learned a level 4 spell: Petrify
  2371 | D        | Learned a level 5 spell: Lee's Rapid Deconstruction
  2600 | D        | Gained mutation: You regenerate slowly when monsters are visible. [a shining eye]
  2605 | D        | Reached skill level 15 in Spellcasting
  2605 | D        | Reached skill level 1 in Transmutations
  2739 | D        | Gained mutation: You are dopey. (Int -2) [a shining eye]
  2742 | D        | Reached skill level 1 in Earth Magic
  2782 | D        | Gained mutation: You are very dopey. (Int -4) [a shining eye]
  2809 | D        | Gained mutation: Your spells are a little easier to cast, but a little less powerful. [a shining eye]
  2824 | D        | Gained mutation: Your magical capacity is low (-10% MP). [a shining eye]
  2856 | D        | Gained mutation: You are clumsy. (Dex -2) [a shining eye]
  2861 | D        | Reached skill level 19 in Stealth
  3021 | D        | Found Ufri's Armour Shoppe.
  3021 | D        | Found Zaoker's Book Emporium.
  3022 | D        | Found Widy's General Store.
  3022 | D        | Found Jekeoss's Jewellery Boutique.
  3043 | D        | Bought a potion of mutation for 35 gold pieces
  3043 | D        | Gained mutation: You are very clumsy. (Dex -4) [potion of mutation]
  3043 | D        | Gained mutation: You are frail (-10% HP). [potion of mutation]
  3046 | D        | Bought an uncursed ring of protection from fire for 275 gold pieces
  3046 | D        | Bought a +5 ring of protection for 605 gold pieces
  3046 | D        | Bought an uncursed ring of magical power for 220 gold pieces
  3189 | D        | Noticed a shadow dragon
  3191 | D        | Noticed a golden dragon
  3192 | D        | Killed a golden dragon
  3194 | D        | Killed a shadow dragon
  3194 | D        | Reached XP level 13. HP: 49/49 MP: 22/30
  3260 | D        | Found Dankeipp's Weapon Shoppe.
  3308 | D        | Noticed a deep elf annihilator
  3308 | D        | Noticed a mummy priest
  3308 | D        | Killed a deep elf annihilator
  3545 | D        | Killed a mummy priest
  3545 | D        | Reached skill level 20 in Stealth
  3814 | D        | Identified Sif Muna's Incunabulum of Augmentations and Dislocation
  3817 | D        | Noticed Lom Lobon
  3878 | D        | Killed from afar by a daeva

Vault maps used:
D:        dungeon_sprint_1

Skill      XL: |  1  2  3  4  5  6  7  8  9 10 11 12 13 |
---------------+----------------------------------------+-----
Short Blades   | 3 4 6 7 8 9 10 11 13 14 | 14.6
Dodging        | 4 6 8 10 11 12 13 14 16 18 | 18.6
Stealth        | 6 8 9 11 12 13 14 16 18 19 20 | 20.0
Spellcasting   | 4 5 7 8 9 10 11 12 14 15 | 15.9
Hexes          | 4 5 6 7 8 9 11 12 | 12.3
Ice Magic      | 1 2 3 4 5 6 7 8 |  8.1
Conjurations   | 1 2 3 4 5 6 7 |  7.2
Invocations    | 1 2 4 5 6 7 8 |  8.8
Armour         | 1 2 3 4 5 6 |  6.6
Shields        | 1 2 3 4 5 6 |  6.5
Transmutations | 4 |  4.8
Earth Magic    | 4 |  4.8

Action                   |  1- 3 |  4- 6 |  7- 9 | 10-12 | 13-15 || total
-------------------------+-------+-------+-------+-------+-------++-------
Melee: Dagger            |    21 |     4 |     1 |       |       ||    26
       Rapier            |       |       |    11 |    90 |     9 ||   110
 Fire: Shortbow          |       |       |       |     1 |       ||     1
 Cast: Corona            |     3 |       |       |       |       ||     3
       Ensorcelled Hiber |       |     1 |     6 |    16 |     5 ||    28
       Dazzling Spray    |       |       |       |    24 |    18 ||    42
       Confuse           |       |       |       |     5 |     3 ||     8
       Passwall          |       |       |       |     2 |     3 ||     5
       Lee's Rapid Decon |       |       |       |       |     7 ||     7
       Tukima's Dance    |       |       |       |       |     3 ||     3
Invok: Shadow Step       |       |       |       |     8 |     2 ||    10
 Abil: Evoke Invisibilit |       |       |       |       |     1 ||     1
  Use: Potion            |     2 |       |       |     5 |     3 ||    10
       Scroll            |       |       |       |    11 |       ||    11
 Stab: Sleeping          |     1 |     4 |    10 |    42 |     7 ||    64
       Invisible         |       |       |       |    11 |       ||    11
       Confused          |       |       |       |     3 |       ||     3
  Eat: Bread ration      |       |       |       |     1 |       ||     1
Armor: Robe              |     2 |       |       |     4 |       ||     6
Dodge: Dodged            |     9 |       |     6 |   102 |     6 ||   123
Block: Buckler           |       |       |     4 |    39 |     2 ||    45
